 Dungeon Crawl Stone Soup version 0.19.0-11-g3fc08b3 (webtiles) character file.

82 mopl the Stinger (level 4, -2/36 HPs)
             Began as a Naga Venom Mage on Nov 8, 2016.
             Slain by an orc
             ... wielding a +0 flail
              (10 damage)
             ... on level 2 of the Dungeon.
             The game lasted 00:05:16 (2229 turns).

mopl the Stinger (Naga Venom Mage)                  Turns: 2229, Time: 00:05:18

Health: -2/36      AC:  2    Str: 10    XL:     4   Next: 43%
Magic:  4/7        EV:  9    Int: 17    God:
Gold:   104        SH:  3    Dex: 11    Spells: 2 memorised, 3 levels left

rFire  . . .     SeeInvis +     n - +0 dagger
rCold  . . .     Gourm    .     a - +0 robe
rNeg   . . .     Faith    .     s - +0 buckler (curse)
rPois  +         Spirit   .     (no helmet)
rElec  .         Reflect  .     (no cloak)
rCorr  .         Harm     .     (no gloves)
MR     .....                    (no barding)
Stlth  ++........               f - amulet of magic regeneration
                                (no ring)
                                (no ring)

@: lethally poisoned (-2 -> -5), very slightly contaminated, very slow
A: see invisible, deformed body, poison resistance, slowness 2, slow metabolism
1, spit poison 1, AC +1
a: Spit Poison


You were on level 2 of the Dungeon.
You were not hungry.

You visited 1 branch of the dungeon, and saw 3 of its levels.

You collected 104 gold pieces.

Inventory:

Hand Weapons
 n - a +0 dagger (weapon)
Missiles
 m - 13 poisoned needles
Armour
 a - a +0 robe (worn)
 s - a cursed +0 buckler (worn)
Jewellery
 f - an amulet of magic regeneration (around neck)
Scrolls
 d - a scroll of magic mapping {unknown}
 g - 2 scrolls of fog {unknown}
 i - 3 scrolls of remove curse {unknown}
 j - a scroll of fear {unknown}
 k - a scroll of teleportation {unknown}
 p - a scroll of immolation {unknown}
 q - a scroll of enchant weapon {unknown}
 r - a scroll of enchant armour {unknown}
Potions
 e - 3 potions of curing {unknown}
 o - a potion of might {unknown}
Books
 b - a Young Poisoner's Handbook

   Spells                             Type                      Level
   a - Sting                          Conjuration/Poison           1
   b - Mephitic Cloud                 Conjuration/Poison/Air       3
   c - Olgreb's Toxic Radiance        Poison                       4
   d - Alistair's Intoxication        Transmutation/Poison         5
   e - Venom Bolt                     Conjuration/Poison           5
Comestibles
 c - a bread ration
 h - 2 fruits


   Skills:
 - Level 1.5 Dodging
 - Level 3.0 Stealth
 + Level 2.2 Spellcasting
 * Level 2.4 Conjurations
 + Level 0.8 Air Magic
 * Level 6.2 Poison Magic


You had 3 spell levels left.
You knew the following spells:

 Your Spells              Type           Power        Failure   Level  Hunger
a - Sting                 Conj/Pois      ###.         8%          1    #......
d - Mephitic Cloud        Conj/Pois/Air  ##......     28%         3    ###....


Dungeon Overview and Level Annotations

Branches:
Dungeon (3/15)

Altars:
Cheibriados


Innate Abilities, Weirdness & Mutations

You cannot wear boots.
Your serpentine skin is tough. (AC +1)
You have supernaturally acute eyesight. (SInv)
Armour fits poorly on your strangely shaped body.
Your system is resistant to poisons. (rPois)
You cover ground very slowly.
You have a slow metabolism.
You can spit poison.


Message History

The adder bites you.
You are poisoned.
The adder poisons you! The orc closely misses you.
The orc hits you with a whip. The orc hits you with a flail.
You block the rat's attack.
You climb upwards.
You feel sick.
There is a stone staircase leading down here.
Casting: Sting
Confirm with . or Enter, or press ? or * to list all spells.
Aiming: Mephitic Cloud
Press: ? - help, Shift-Dir - straight line, f - you You miscast Mephitic Cloud.
You are very lightly contaminated with residual magic.
You feel mildly nauseous. The adder bites you.
The orc hits you with a hand axe!
* * * LOW HITPOINT WARNING * * *
The orc hits you but does no damage. The rat bites you.
* * * LOW HITPOINT WARNING * * *
The adder bites you but does no damage. The orc hits you with a flail!
You die...

#.# #.#......#
#.....### #.#
#.#.###### ###.### #.#
#.#.## #.# #.#
#....###########.#####
#.#
#.....................
#.#
##...#########.##.####
#.#
#####.##########.##.#
#.#
#...).ooS...[[).....#
#.#
#.###.o@r....######.#
#.# #.# #######..#
#.#### #.# #.# #..#
#..... ##.# #.# #..#
####[. #..######.# #..#
#.# #..[......# #).#
#.#
#.รท################..#
#.# #..#
#.............# #.#
#..# #.###########.#
#.#


You could see an adder, 3 orcs and a rat.

Vanquished Creatures
  A gnoll (D:1)
  An ooze (D:1)
  2 worms (D:2)
  A dart slug (D:1)
  8 orcs
  3 giant cockroaches
  5 goblins
  5 hobgoblins
  3 jackals (D:2)
  2 quokkas (D:2)
  8 bats
  2 frilled lizards
  5 kobolds
  6 rats
52 creatures vanquished.

Notes
Turn   | Place    | Note
-------+----------+-------------------------------------------
     0 | D:1      | mopl the Naga Venom Mage began the quest for the Orb.
     0 | D:1      | Reached XP level 1. HP: 15/15 MP: 3/3
   313 | D:1      | Reached skill level 1 in Conjurations
   369 | D:1      | Reached XP level 2. HP: 17/22 MP: 0/5
   576 | D:1      | Reached XP level 3. HP: 28/28 MP: 2/6
   581 | D:1      | Learned a level 3 spell: Mephitic Cloud
  1177 | D:2      | Found a snail-covered altar of Cheibriados.
  1284 | D:2      | Reached skill level 6 in Poison Magic
  1295 | D:2      | Reached skill level 2 in Conjurations
  1408 | D:2      | Reached XP level 4. HP: 28/36 MP: 5/7
  2229 | D:2      | Slain by an orc

Skill      XL: |  1  2  3 |
---------------+----------+-----
Conjurations   | 1 2 |  2.4
Poison Magic   | 6 |  6.2
Dodging        | |  1.5
Stealth        | |  3.0
Spellcasting   | |  2.2
Air Magic      | |  0.8

Action                   |  1- 3 |  4- 6 || total
-------------------------+-------+-------++-------
Melee: Unarmed           |    30 |       ||    30
       Dagger            |    16 |     7 ||    23
 Cast: Sting             |    64 |    21 ||    85
       Mephitic Cloud    |     1 |     2 ||     3
 Abil: Spit Poison       |    11 |     3 ||    14
 Stab: Distracted        |       |     1 ||     1
       Sleeping          |       |     1 ||     1
  Eat: Chunk             |     2 |     3 ||     5
Armor: Robe              |    27 |     5 ||    32
Dodge: Dodged            |    53 |    21 ||    74
Block: Buckler           |       |     3 ||     3
